 Dungeon Sprint DCSS version 0.16-a0-2955-gfa193e0 (webtiles) character file.

23 RobertPalmer the Chopper (level 3, 28/29 HPs)
             Began as a Formicid Fighter on Dec 4, 2014.
             Quit the game in the Dungeon (Sprint VII: "The Pits").
             The game lasted 00:00:39 (57 turns).

RobertPalmer the Chopper (Formicid Fighter)           Turns: 57, Time: 00:00:39

Health: 28/29      AC:  6    Str: 20    XL:     3   Next: 12%
Magic:  4/4        EV:  7    Int:  7    God:
Gold:   0          SH:  9    Dex: 11    Spells: 0 memorised, 2 levels left

rFire  . . .     SeeInvis +     a - +0 war axe
rCold  . . .     Clarity  .     b - +0 scale mail
rNeg   . . .     SustAb   .     c - +0 shield
rPois  .         Gourm    .     (helmet unavailable)
rElec  .         Spirit   .     (no cloak)
rCorr  .         Warding  .     (no gloves)
rMut   .         Stasis   +     (no boots)
MR     .....                    (no amulet)
Stlth  ..........               (no ring)
                                (no ring)

@: not resistant to hostile enchantments, extremely unstealthy
A: permanent stasis, dig shafts and tunnels, four strong arms, antennae 3
a: Dig


You were in the Dungeon.
You were not hungry.

You visited 1 branch


Innate Abilities, Weirdness & Mutations

You are under a permanent stasis effect.
You can dig through walls and to a lower floor.
Your four strong arms can wield two-handed weapons with a shield.
You have a pair of large antennae on your head (SInv).


   Skills:
 - Level 3.2 Fighting
 + Level 5.9 Axes
 - Level 3.2 Armour
 - Level 3.6 Shields


You had 2 spell levels left.
You didn't know any spells.

Inventory:

Hand weapons
 a - a +0 war axe (weapon)
Armour
 b - a +0 scale mail (worn)
 c - a +0 shield (worn)
Scrolls
 l - 2 scrolls of vulnerability {!r}
 m - 3 scrolls of remove curse
 n - 5 scrolls of amnesia
 o - a scroll of summoning
Potions
 e - a potion of might
 g - a potion of heal wounds
 i - 4 potions of magic
 k - 2 potions of invisibility
Comestibles
 d - 8 bread rations
 f - 3 chunks of flesh {@w1}
 h - 40 fruits
 j - 7 meat rations

Dungeon Overview and Level Annotations

Branches:
Dungeon (1/1)

Altars:
Ashenzari
Cheibriados
Dithmenos
Elyvilon
Fedhas
Gozag
Kikubaaqudgha
Makhleb
Nemelex Xobeh
Okawaru
Qazlal
Ru
Sif Muna
Trog
Vehumet
Xom
Yredelemnul
Zin
The Shining One
Beogh
Jiyva
Lugonu {{{{{ {{{{{{{ {{{{{{{

############
#__________#
#a_________#
#.#####'##########
#_#)))).'.!##.....
#_#)).#.#.(##.....
#######'#####.....
#...........'.....
#+#####+#####.....
{{ #..... { {{
####'#


There were no monsters in sight!


Message History

There is an open door here.
Drop what? (_ for help) (? for menu, Esc to quit)
You drop a +2 hand axe.
Found three altars.
There is an open door here.
h - 40 fruits;
j - 7 meat rations;
d - 8 bread rations (gained 7)
Your pack is full.
i - 4 potions of magic (gained 2);
k - 2 potions of invisibility Your pack is full.
You see here 2 potions of berserk rage.
l - 2 scrolls of vulnerability {!r};
m - 3 scrolls of remove curse
n - 5 scrolls of amnesia;
o - a scroll of summoning Your pack is full.
Things that are here:
10 stones; an uncursed staff of energy {!a} You see here 2 potions of berserk rage.
There is an open door here.
Found seven altars.
There is an open door to the Temple (Safe) here.
There is a sacrificial altar of Ru here.
There is a shadowy altar of Dithmenos here.
There is a bloodstained altar of Trog here.
There is a white marble altar of Elyvilon here.
There is a snail-covered altar of Cheibriados here.
Found a stormy altar of Qazlal and an opulent altar of Gozag.
There is a blossoming altar of Fedhas here.
There is a radiant altar of Vehumet here.
Quiver which item? (- for none, * to show all) (? for menu, Esc to quit)
Okay, then.
Are you sure you want to abandon this character and quit the game? (Confirm with "yes".)

Action                   || total
-------------------------++-------
Melee: War axe           ||     7
  Use: Potion            ||     1

Vault maps used:
D:        pitsprint

Notes
Turn   | Place    | Note
--------------------------------------------------------------
     0 | D        | RobertPalmer, the Formicid Fighter, began the quest for the Orb.
     0 | D        | Reached XP level 1. HP: 18/18 MP: 1/1
     9 | D        | Noticed a worker ant
    18 | D        | Killed a worker ant
    18 | D        | Reached skill level 5 in Axes
    18 | D        | Reached XP level 2. HP: 20/24 MP: 3/3
    18 | D        | Reached XP level 3. HP: 24/29 MP: 4/4
    30 | D        | Found a sacrificial altar of Ru.
    30 | D        | Found a basalt altar of Yredelemnul.
    30 | D        | Found a shadowy altar of Dithmenos.
    30 | D        | Found a deep blue altar of Sif Muna.
    30 | D        | Found a burning altar of Makhleb.
    30 | D        | Found a shimmering altar of Xom.
    30 | D        | Found an ancient bone altar of Kikubaaqudgha.
    30 | D        | Found a sparkling altar of Nemelex Xobeh.
    32 | D        | Found a glowing golden altar of the Shining One.
    32 | D        | Found a glowing silver altar of Zin.
    38 | D        | Found a bloodstained altar of Trog.
    38 | D        | Found a corrupted altar of Lugonu.
    38 | D        | Found a viscous altar of Jiyva.
    49 | D        | Found a shattered altar of Ashenzari.
    49 | D        | Found a white marble altar of Elyvilon.
    49 | D        | Found a snail-covered altar of Cheibriados.
    49 | D        | Found a blossoming altar of Fedhas.
    49 | D        | Found a radiant altar of Vehumet.
    49 | D        | Found a roughly hewn altar of Beogh.
    49 | D        | Found an iron altar of Okawaru.
    55 | D        | Found a stormy altar of Qazlal.
    55 | D        | Found an opulent altar of Gozag.
    57 | D        | Quit the game

Vanquished Creatures
  A worker ant (D)
1 creature vanquished.
